 Dungeon Crawl Stone Soup version 0.31-a0-175-g9f7f995f2b (webtiles) character file.

Game seed: 16581948082492794972

480 qw the Shooter (level 7, -1/39 HPs)
             Began as a Gargoyle Hunter on June 16, 2023.
             Slain by an iguana (8 damage)
             ... on level 4 of the Dungeon.
             The game lasted 00:01:05 (2675 turns).

qw the Shooter (Gargoyle Hunter)                    Turns: 2675, Time: 00:01:05

Health: -1/39      AC: 10    Str: 14    XL:     7   Next: 12%
Magic:  7/7        EV: 10    Int:  8    God:
Gold:   85         SH:  0    Dex: 15    Spells: 6/6 levels left

rFire   . . .        Y - +0 shortbow
rCold   . . .        (shield currently unavailable)
rNeg    + . .        h - +0 ring mail
rPois   inf          (no helmet)
rElec   +            (no cloak)
rCorr   .            (no gloves)
SInv    .            (no boots)
Will    .....        (no amulet)
Stlth   +            (no ring)
HPRegen 0.26/turn    (no ring)
MPRegen 0.10/turn

%: no passive effects
@: about to teleport
A: sickness immunity, AC +4, negative energy resistance 1, electricity
resistance, torment resistance 1, petrification resistance, dopey 1, frail 1,
subdued magic 1
a: no special abilities


You were on level 4 of the Dungeon.
You visited 1 branch of the dungeon, and saw 4 of its levels.

You collected 141 gold pieces.
You spent 56 gold pieces at shops.


Innate Abilities, Weirdness & Mutations

You are immune to sickness and miasma.
Your stone body is resilient. (AC +4)
You are immune to poison.
You resist negative energy. (rN+)
You are resistant to electric shocks. (rElec)
You are resistant to unholy torment.
You are immune to petrification.
You are dopey. (Int -2)
You are frail. (-10% HP)
Your spells are a little easier to cast, but a little less powerful.


   Skills:
 - Level 4.4 Fighting
 + Level 7.3 Ranged Weapons
 - Level 1.2 Armour
 - Level 1.5 Dodging
 - Level 1.1 Stealth


You had 6 spell levels left.
You didn't know any spells.
Your spell library was empty.

Inventory:

Hand Weapons
 Y - a +0 shortbow (weapon)
Armour
 h - a +0 ring mail (worn)
Scrolls
 b - a scroll of vulnerability {unknown}
 f - a scroll of identify
 g - a scroll of enchant armour
Potions
 d - a potion of heal wounds
 e - 2 potions of might
 i - a potion of attraction
 j - a potion of curing {unknown}

Dungeon Overview and Level Annotations

Branches:
Dungeon (4/15)
 Temple: D:4-7

Altars:
Elyvilon
Kikubaaqudgha
Wu Jian

Shops:
D:2 !   D:3 *

Annotations:
D:2 1 runed translucent door, Crazy Yiuf


Message History

Enter note:
Enter note:
Enter note:
Enter note:
Enter note: You shoot an arrow.
The arrow hits the iguana.
The iguana hisses angrily.
The iguana is moderately wounded.
You shoot an arrow. The arrow barely misses the iguana.
You shoot an arrow. The arrow hits the iguana.
The iguana is severely wounded.
You shoot an arrow. The arrow barely misses the iguana.
The iguana bites you. x2
You shoot an arrow. The arrow barely misses the iguana.
The iguana misses you.
You shoot an arrow. The arrow hits the iguana.
The iguana is severely wounded.
The iguana bites you but does no damage.
You shoot an arrow.
The arrow hits the iguana but does no damage.
The iguana is severely wounded.
The iguana barely misses you.
You shoot an arrow. The arrow barely misses the iguana.
The iguana barely misses you.
You shoot an arrow. The arrow barely misses the iguana.
The iguana bites you.
You shoot an arrow.
The arrow hits the iguana but does no damage.
The iguana is severely wounded.
The iguana bites you. x2
You shoot an arrow. The arrow barely misses the iguana.
The iguana hisses menacingly.
The iguana bites you!
You shoot an arrow. The arrow closely misses the iguana.
The iguana bites you!
2675 ||| READING scroll of teleportation.
As you read the scroll of teleportation, it crumbles to dust.
You feel strangely unstable. The iguana bites you!
You die...

#.....#.... #.....'....
# #.....##..# ..
#......#..# ...
+......#... ....
#......#... .....
#......#... ......#####
#......#...
#...[.l@..####......###'
#.............##+#....#.
#.............# #....#.
#.............# +....#.
#.............# #....#.
#.........##### #....#.
######....# #....##
#....# #....#. #....#
#....#.


You could see an iguana.

Vanquished Creatures
  Grinder (D:3)
  2 scorpions
  A hound (D:4)
  A sleepcap (D:4)
  Terence (D:2)
  3 adders (D:2)
  A worm (D:3)
  A dart slug (D:3)
  6 bats
  9 endoplasms
  A giant cockroach (D:2)
  3 goblins
  4 hobgoblins
  5 quokkas
  9 ball pythons
  2 frilled lizards (D:2)
  3 kobolds
  5 rats
58 creatures vanquished.

Notes
Turn   | Place    | Note
-------+----------+-------------------------------------------
     0 | D:1      | qw the Gargoyle Hunter began the quest for the Orb.
     0 | D:1      | Reached XP level 1. HP: 12/12 MP: 1/1
     0 | D:1      | 0 ||| qw: Version: 0.2-a-29-g511e9b1
     0 | D:1      | 0 ||| qw: Game counter: 5748
     0 | D:1      | 0 ||| qw: Always use a shield: true
     0 | D:1      | 0 ||| qw: God list: Okawaru
     0 | D:1      | 0 ||| qw: Allow faded altars: false
     0 | D:1      | 0 ||| qw: Do Orc after D:15 true
     0 | D:1      | 0 ||| qw: Do second Lair branch before Depths: true
     0 | D:1      | 0 ||| qw: Lair rune preference: random
     0 | D:1      | 0 ||| qw: Plans: Normal, Zot:1-4, Slime:5, God:TSO, Crypt,
                  | Tomb, Abyss, Pan, Hells, Win
     0 | D:1      | 0 ||| PLANNING D:1-11
   207 | D:1      | Reached XP level 2. HP: 17/17 MP: 2/2
   487 | D:1      | 487 ||| UPGRADING to +0 ring mail.
   497 | D:1      | 497 ||| DROPPING +0 leather armour.
   498 | D:1      | 498 ||| READING 2 scrolls labelled TABENU KOKILAI.
   499 | D:1      | 499 ||| READING 2 scrolls labelled ISTECE ABISU.
   500 | D:1      | 500 ||| READING 2 scrolls labelled ZAPRY SIUMU.
   501 | D:1      | 501 ||| READING scroll labelled SEHEME JILI.
   502 | D:1      | 502 ||| DRINKING 2 dark potions.
   503 | D:1      | 503 ||| DROPPING scroll of revelation.
   504 | D:1      | 504 ||| DROPPING scroll of butterflies.
   505 | D:1      | 505 ||| DROPPING potion of invisibility.
   576 | D:2      | Reached skill level 1 in Armour
   576 | D:2      | Reached XP level 3. HP: 21/21 MP: 3/3
   588 | D:2      | Found a faded altar of an unknown god.
   600 | D:2      | Identified the +6 short sword of Accord {freeze, rElec
                  | rC+++ Str-3 Dex+4}
   605 | D:2      | Reached skill level 5 in Ranged Weapons
   647 | D:2      | Noticed a scorpion
   661 | D:2      | Killed a scorpion
   662 | D:2      | Reached skill level 3 in Fighting
   662 | D:2      | Reached XP level 4. HP: 14/29 MP: 4/4
   765 | D:2      | Found Pewk's Distillery.
   768 | D:2      | 768 ||| SHOPLISTING 2 potions of curing (72 gold, have 53).
   768 | D:2      | 768 ||| SHOPLISTING potion of cancellation (96 gold, have
                  | 53).
   768 | D:2      | 768 ||| SHOPLISTING potion of haste (120 gold, have 53).
   768 | D:2      | 768 ||| SHOPLISTING potion of heal wounds (60 gold, have
                  | 53).
   823 | D:2      | Found a runed translucent door.
   824 | D:2      | Noticed Crazy Yiuf
   870 | D:2      | Noticed Terence
   878 | D:2      | Killed Terence
   879 | D:2      | Reached XP level 5. HP: 33/33 MP: 5/5
  1426 | D:2      | 1426 ||| READING 2 scrolls labelled LULUMP POTAU.
  1537 | D:2      | 1537 ||| READING scroll labelled WOTIYNITUA.
  1538 | D:2      | 1538 ||| READING 2 scrolls of identify.
  1538 | D:2      | 1538 ||| IDENTIFYING white potion
  1539 | D:2      | 1539 ||| DROPPING potion of degeneration.
  1752 | D:3      | Noticed Grinder
  1755 | D:3      | Paralysed by Grinder for 3 turns
  1761 | D:3      | Killed Grinder
  1762 | D:3      | Reached skill level 7 in Ranged Weapons
  1762 | D:3      | Reached XP level 6. HP: 23/38 MP: 6/6
  1865 | D:3      | Found Zorimigi's General Store.
  1873 | D:3      | 1873 ||| BUYING potion of might (56 gold).
  1873 | D:3      | Bought a potion of might for 56 gold pieces
  1873 | D:3      | 1873 ||| SHOPLISTING ring of positive energy (280 gold,
                  | have 42).
  2160 | D:3      | Found an ancient bone altar of Kikubaaqudgha.
  2162 | D:3      | Found an ornate altar of the Wu Jian Council.
  2179 | D:3      | Found a white marble altar of Elyvilon.
  2315 | D:3      | 2315 ||| DRINKING 2 ruby potions.
  2315 | D:3      | Gained mutation: Potions are less effective at restoring
                  | your health. [potion of mutation]
  2315 | D:3      | Gained mutation: You are strong-willed. (Will+) [potion of
                  | mutation]
  2315 | D:3      | Gained mutation: You are frail. (-10% HP) [potion of
                  | mutation]
  2315 | D:3      | Gained mutation: Your flesh is heat resistant. (rF+)
                  | [potion of mutation]
  2316 | D:3      | 2316 ||| DRINKING potion of mutation.
  2316 | D:3      | Lost mutation: Potions are less effective at restoring your
                  | health. [potion of mutation]
  2316 | D:3      | Lost mutation: Your flesh is heat resistant. (rF+) [potion
                  | of mutation]
  2316 | D:3      | Lost mutation: You are strong-willed. (Will+) [potion of
                  | mutation]
  2316 | D:3      | Gained mutation: Your spells are a little easier to cast,
                  | but a little less powerful. [potion of mutation]
  2316 | D:3      | Gained mutation: You are dopey. (Int -2) [potion of
                  | mutation]
  2317 | D:3      | 2317 ||| READING 4 scrolls of identify.
  2317 | D:3      | 2317 ||| IDENTIFYING yellow potion
  2318 | D:3      | 2318 ||| READING 3 scrolls of identify.
  2318 | D:3      | 2318 ||| IDENTIFYING smoky ruby potion
  2319 | D:3      | 2319 ||| READING 2 scrolls of identify.
  2319 | D:3      | 2319 ||| IDENTIFYING smoky cyan potion
  2320 | D:3      | 2320 ||| DROPPING potion of berserk rage.
  2345 | D:4      | 2345 ||| STAIRDANCE
  2425 | D:4      | Reached XP level 7. HP: 39/39 MP: 7/7
  2561 | D:4      | HP: 7/39 [ogre/+0 giant club (19)]
  2562 | D:4      | 2562 ||| READING 2 scrolls of teleportation.
  2563 | D:4      | 2563 ||| DRINKING 2 potions of heal wounds.
  2674 | D:4      | HP: 6/39 [iguana (7)]
  2675 | D:4      | 2675 ||| READING scroll of teleportation.
  2675 | D:4      | Slain by an iguana

Levels and vault maps discovered:
D:1:      dpeg_arrival_court, layout_basic
D:2:      layout_basic, serial_shops, nicolae_shop_real_fake_doors,
          nicolae_ecumenical_snake_handling, chequers_jeans,
          minmay_split_cup_large, uniq_terence, uniq_crazy_yiuf_cottage
D:3:      layout_loops_cross, lemuel_tele_altar,
          chequers_temple_overflow_statue_of_worship, serial_shops, shop,
          uniq_grinder
D:4:      layout_gridville, dilly_guarded_unrand_devastator

Skill      XL: |  1  2  3  4  5  6 |
---------------+-------------------+-----
Armour         | 1 |  1.2
Ranged Weapons | 5 7 |  7.3
Fighting       | 3 4 |  4.4
Dodging        | |  1.5
Stealth        | |  1.1

Action                     |  1- 3 |  4- 6 |  7- 9 || total
---------------------------+-------+-------+-------++-------
   Fire: Shortbow          |    85 |   124 |    40 ||   249
    Use: Scroll            |     4 |     6 |     2 ||    12
         Potion            |     1 |     2 |     1 ||     4
 Armour: Leather armour    |     4 |       |       ||     4
         Ring mail         |     9 |    57 |     9 ||    75
  Dodge: Dodged            |    19 |    60 |    11 ||    90

Table legend:
 A = Non-vault XP
 B = Vault XP
 C = Vault XP percentage of total XP
 D = Non-vault monster count
 E = Vault monster count
 F = Vault count percentage of total count
                 A         B        C        D         E       F
            +---------+---------+-------+---------+---------+-------
      Total |     316 |     371 |  54.0 |      46 |      12 |  20.7
            +---------+---------+-------+---------+---------+-------
        D:1 |      28 |       0 |   0.0 |      18 |       0 |   0.0
        D:2 |      93 |      85 |  47.8 |      10 |      11 |  52.4
        D:3 |     106 |     286 |  73.0 |      12 |       1 |   7.7
        D:4 |      89 |       0 |   0.0 |       6 |       0 |   0.0
            +---------+---------+-------+---------+---------+-------
